[Event "VI Sunway Sitges Open 2019"]
[Site "Sitges"]
[Date "2019.12.14"]
[Round "2.25"]
[White "Gukesh D"]
[Black "Vaishali R"]
[Result "1-0"]
[ECO "A05"]
[WhiteElo "2547"]
[BlackElo "2376"]
[Annotator "ChessBase"]
[PlyCount "79"]
[EventDate "2019.12.13"]
[EventType "swiss"]
[EventCountry "ESP"]
[SourceTitle "playchess.com"]
[Source "ChessBase"]
[SourceQuality "1"]
[TimeControl "40/5400+30:1800+30"]

1. Nf3 Nf6 2. g3 b5 3. Bg2 Bb7 4. d3 c5 5. e4 d6 6. O-O e6 7. Nfd2 Qc7 8. a4 b4 9. Nc4 Be7 10. Bf4 e5 11. Bg5 Nbd7 12. Nbd2 h6 13. Bxf6 Nxf6 14. Ne3 O-O 15. Ndc4 Rad8 16. Qe2 Rfe8 17. f4 Bc8 18. fxe5 dxe5 19. Rf2 Be6 20. Raf1 b3 21. cxb3 Qb7 22. Nd5 Qxb3 23. a5 Qb8 24. Nce3 Nh7 25. Qh5 Bg5 26. Rxf7 Bxe3+ 27. Nxe3 Bxf7 28. Qxf7+ Kh8 29. Nf5 Rg8 30. Ne7 Rd6 31. Nxg8 Qxg8 32. Qxa7 Ng5 33. Qxc5 Rd8 34. Qxe5 Qb3 35. Qc3 Qb5 36. d4 Qe2 37. Re1 Qa6 38. e5 Rc8 39. Qd2 Qb5 40. e6 1-0

[Event "VI Sunway Sitges Open 2019"]
[Site "Sitges"]
[Date "2019.12.14"]
[Round "2.26"]
[White "Meister, Peter"]
[Black "Shevchenko, Kirill"]
[Result "0-1"]
[ECO "A65"]
[WhiteElo "2373"]
[BlackElo "2547"]
[Annotator "ChessBase"]
[PlyCount "76"]
[EventDate "2019.12.13"]
[EventType "swiss"]
[EventCountry "ESP"]
[SourceTitle "playchess.com"]
[Source "ChessBase"]
[SourceQuality "1"]
[TimeControl "40/5400+30:1800+30"]

1. d4 Nf6 2. c4 g6 3. f3 c5 4. d5 d6 5. e4 e6 6. Bg5 Bg7 7. Nc3 exd5 8. cxd5 h6 9. Be3 O-O 10. Qd2 Kh7 11. Nge2 Nbd7 12. Nc1 Ne5 13. Be2 Ng8 14. O-O f5 15. f4 Nd7 16. exf5 gxf5 17. g4 Re8 18. Bf2 fxg4 19. Bxg4 Ndf6 20. Qd3+ Kh8 21. Bxc8 Qxc8 22. f5 Ng4 23. N1e2 c4 24. Qf3 Ne5 25. Qh3 Nd3 26. Bd4 Qd7 27. Kh1 Be5 28. Qh4 b5 29. Bxe5+ Rxe5 30. f6 Qf7 31. Rg1 b4 32. Rg7 Qh5 33. Qg3 Nxf6 34. Rg1 Rg5 35. Rxg5 hxg5 36. Nd1 Qxe2 37. Qh3+ Qh5 38. Qf5 Rf8 0-1

[Event "VI Sunway Sitges Open 2019"]
[Site "Sitges"]
[Date "2019.12.14"]
[Round "2.27"]
[White "Nasuta, Grzegorz"]
[Black "Valenzuela Gomez, Fernando"]
[Result "1-0"]
[ECO "B52"]
[WhiteElo "2545"]
[BlackElo "2373"]
[Annotator "ChessBase"]
[PlyCount "45"]
[EventDate "2019.12.13"]
[EventType "swiss"]
[EventCountry "ESP"]
[SourceTitle "playchess.com"]
[Source "ChessBase"]
[SourceQuality "1"]
[TimeControl "40/5400+30:1800+30"]

1. e4 c5 2. Nf3 d6 3. Bb5+ Bd7 4. Bxd7+ Qxd7 5. c4 e5 6. Nc3 f5 7. exf5 Qxf5 8. O-O Nf6 9. d3 Be7 10. Ng5 O-O 11. f4 exf4 12. Bxf4 Nc6 13. Qe2 Qg6 14. Ne6 Rf7 15. Rae1 Ng4 16. Nd5 Bf6 17. Bxd6 Nd4 18. Nxf6+ Rxf6 19. Nxd4 Rxf1+ 20. Kxf1 Qxd6 21. Qxg4 cxd4 22. Qe6+ Qxe6 23. Rxe6 1-0

[Event "VI Sunway Sitges Open 2019"]
[Site "Sitges"]
[Date "2019.12.14"]
[Round "2.28"]
[White "Gorshtein, Ido"]
[Black "Erigaisi Arjun"]
[Result "1/2-1/2"]
[ECO "A13"]
[WhiteElo "2372"]
[BlackElo "2544"]
[Annotator "ChessBase"]
[PlyCount "65"]
[EventDate "2019.12.13"]
[EventType "swiss"]
[EventCountry "ESP"]
[SourceTitle "playchess.com"]
[Source "ChessBase"]
[SourceQuality "1"]
[TimeControl "40/5400+30:1800+30"]

1. c4 e6 2. Nf3 Nf6 3. b3 d5 4. Bb2 c5 5. e3 Nc6 6. cxd5 exd5 7. Bb5 Bg4 8. h3 Bh5 9. g4 Bg6 10. Ne5 Qc7 11. Bxc6+ bxc6 12. d3 d4 13. Nxg6 hxg6 14. e4 Qf4 15. Ke2 Nxe4 16. dxe4 Qxe4+ 17. Kd2 Be7 18. Qe1 Qf4+ 19. Kc2 O-O-O 20. Nd2 Bf6 21. Kb1 Rde8 22. Qc1 Kd7 23. Rd1 Re2 24. Qxc5 Rxd2 25. Qxa7+ Ke6 26. Re1+ Be5 27. Bc1 Rd1 28. Kc2 Qxf2+ 29. Kxd1 Qf3+ 30. Kc2 Qc3+ 31. Kd1 Qf3+ 32. Kc2 Qc3+ 33. Kd1 1/2-1/2

[Event "VI Sunway Sitges Open 2019"]
[Site "Sitges"]
[Date "2019.12.14"]
[Round "2.29"]
[White "Li, Di"]
[Black "Manu David Suthandram R"]
[Result "1-0"]
[ECO "B30"]
[WhiteElo "2543"]
[BlackElo "2369"]
[Annotator "ChessBase"]
[PlyCount "61"]
[EventDate "2019.12.13"]
[EventType "swiss"]
[EventCountry "ESP"]
[SourceTitle "playchess.com"]
[Source "ChessBase"]
[SourceQuality "1"]
[TimeControl "40/5400+30:1800+30"]

1. e4 c5 2. Nf3 Nc6 3. Bb5 e6 4. Bxc6 bxc6 5. d3 d6 6. e5 dxe5 7. Nxe5 Qd5 8. Nf3 c4 9. O-O cxd3 10. Nc3 Qa5 11. Qxd3 Ba6 12. Qe4 Rc8 13. Re1 Nf6 14. Qh4 Qb4 15. Ne4 Nxe4 16. Rxe4 Qb6 17. Qh5 g6 18. Qe5 Qb5 19. Bf4 Rg8 20. Qc3 h6 21. Rae1 g5 22. Bg3 c5 23. Qf6 Be7 24. Qxh6 Bb7 25. Qh7 Rf8 26. Rxe6 fxe6 27. Qg6+ Kd8 28. Rd1+ Qd7 29. Rxd7+ Kxd7 30. Ne5+ Kd6 31. Qd3+ {[%emt 0:00:54] Kd5} 1-0

[Event "VI Sunway Sitges Open 2019"]
[Site "Sitges"]
[Date "2019.12.14"]
[Round "2.30"]
[White "Esplugas Esteve, Vicenc"]
[Black "Harutyunian, Tigran K."]
[Result "1-0"]
[ECO "D87"]
[WhiteElo "2366"]
[BlackElo "2540"]
[Annotator "ChessBase"]
[PlyCount "107"]
[EventDate "2019.12.13"]
[EventType "swiss"]
[EventCountry "ESP"]
[SourceTitle "playchess.com"]
[Source "ChessBase"]
[SourceQuality "1"]
[TimeControl "40/5400+30:1800+30"]

1. d4 Nf6 2. c4 g6 3. Nc3 d5 4. cxd5 Nxd5 5. e4 Nxc3 6. bxc3 Bg7 7. Bc4 c5 8. Ne2 Nc6 9. Be3 O-O 10. O-O b6 11. Rc1 Bb7 12. Bb5 Qc7 13. d5 Rad8 14. c4 e6 15. Bxc6 Bxc6 16. Qb3 exd5 17. cxd5 Bb7 18. Rfd1 Qe7 19. f3 Kh8 20. Nf4 Bc8 21. Re1 Qh4 22. g3 Qe7 23. Kg2 Qd7 24. h4 Be5 25. Rh1 Rde8 26. Nd3 h5 27. Nxe5 Rxe5 28. Bh6 Rfe8 29. Qb2 Kh7 30. f4 Qg4 31. fxe5 Qxe4+ 32. Kh2 Kxh6 33. Qd2+ Kg7 34. Rhe1 Qf5 35. Qf4 Qh3+ 36. Kg1 Bb7 37. Rcd1 Rd8 38. Rf1 Qf5 39. Qxf5 gxf5 40. d6 Be4 41. Kf2 Kf8 42. Ke3 Ke8 43. Rf4 Kd7 44. Rxe4 fxe4 45. Rf1 Kc6 46. Rxf7 Rd7 47. Rxd7 Kxd7 48. g4 hxg4 49. h5 c4 50. h6 c3 51. h7 c2 52. Kd2 e3+ 53. Kxc2 e2 54. Kd2 1-0

[Event "VI Sunway Sitges Open 2019"]
[Site "Sitges"]
[Date "2019.12.14"]
[Round "2.31"]
[White "Moradiabadi, Elshan"]
[Black "Sankalp Gupta"]
[Result "1/2-1/2"]
[ECO "A16"]
[WhiteElo "2539"]
[BlackElo "2365"]
[Annotator "ChessBase"]
[PlyCount "104"]
[EventDate "2019.12.13"]
[EventType "swiss"]
[EventCountry "ESP"]
[SourceTitle "playchess.com"]
[Source "ChessBase"]
[SourceQuality "1"]
[TimeControl "40/5400+30:1800+30"]

1. Nf3 Nf6 2. c4 g6 3. Nc3 d5 4. cxd5 Nxd5 5. h4 h6 6. e4 Nxc3 7. dxc3 Qxd1+ 8. Kxd1 f6 9. a4 a5 10. Be3 e5 11. h5 g5 12. Ne1 Be6 13. Kc2 Nd7 14. Nd3 b6 15. f3 Nc5 16. Bxc5 Bxc5 17. g4 Ke7 18. b3 Rhd8 19. Be2 Rd6 20. Rhd1 Rad8 21. Nb2 Rxd1 22. Nxd1 Rd6 23. Rb1 Rd8 24. Bb5 Rd6 25. Nb2 Be3 26. Nd3 Kd8 27. Re1 Bc5 28. Ba6 c6 29. Bc4 Bxc4 30. bxc4 Kc7 31. Re2 Rd7 32. Re1 Rd6 33. Nc1 Bf2 34. Re2 Bc5 35. Nb3 Rd7 36. Nd2 Rd8 37. Nf1 Rd7 38. Ng3 Rd8 39. Nf5 Bf8 40. Re1 Rd7 41. Rb1 Rh7 42. Rd1 Rh8 43. Rd3 Rh7 44. Kb3 Rh8 45. Rd1 Rh7 46. Kc2 Rh8 47. Kd3 Rh7 48. Ke2 Rh8 49. Ne3 Rh7 50. Nc2 Rh8 51. Na1 Rh7 52. Nb3 Bc5 1/2-1/2

[Event "VI Sunway Sitges Open 2019"]
[Site "Sitges"]
[Date "2019.12.14"]
[Round "2.32"]
[White "Sorensen, Hampus"]
[Black "Kulaots, Kaido"]
[Result "1/2-1/2"]
[ECO "E12"]
[WhiteElo "2364"]
[BlackElo "2538"]
[Annotator "ChessBase"]
[PlyCount "55"]
[EventDate "2019.12.13"]
[EventType "swiss"]
[EventCountry "ESP"]
[SourceTitle "playchess.com"]
[Source "ChessBase"]
[SourceQuality "1"]
[TimeControl "40/5400+30:1800+30"]

1. d4 Nf6 2. c4 e6 3. Nf3 b6 4. a3 Bb7 5. Nc3 g6 6. Qd3 d5 7. cxd5 exd5 8. Bf4 Bg7 9. Qe3+ Ne4 10. Bh6 O-O 11. Bxg7 Kxg7 12. h4 h6 13. Qf4 Nd7 14. e3 Ndf6 15. Ne5 c5 16. Nxe4 dxe4 17. dxc5 bxc5 18. Nc4 Qe7 19. Be2 Rfd8 20. Rc1 Rd5 21. O-O Rad8 22. Rc2 Bc8 23. Na5 Bd7 24. Rfc1 Be8 25. Qg3 Kh7 26. Qf4 Kg7 27. Qg3 Kh7 28. Qf4 1/2-1/2

[Event "VI Sunway Sitges Open 2019"]
[Site "Sitges"]
[Date "2019.12.14"]
[Round "2.33"]
[White "Stefansson, Hannes"]
[Black "Sarkar, Justin"]
[Result "1-0"]
[ECO "C72"]
[WhiteElo "2538"]
[BlackElo "2360"]
[Annotator "ChessBase"]
[PlyCount "61"]
[EventDate "2019.12.13"]
[EventType "swiss"]
[EventCountry "ESP"]
[SourceTitle "playchess.com"]
[Source "ChessBase"]
[SourceQuality "1"]
[TimeControl "40/5400+30:1800+30"]

1. e4 e5 2. Nf3 Nc6 3. Bb5 a6 4. Ba4 d6 5. O-O Bd7 6. c4 g5 7. d4 g4 8. d5 gxf3 9. dxc6 bxc6 10. Qxf3 c5 11. Bxd7+ Qxd7 12. Nc3 Ne7 13. Bg5 Rg8 14. Bxe7 Bxe7 15. Nd5 Rb8 16. b3 Bg5 17. Qh5 c6 18. Qxh7 Kf8 19. Ne3 Bxe3 20. fxe3 Qe6 21. Rxf7+ Qxf7 22. Rf1 Rg7 23. Qh8+ Rg8 24. Qh6+ Ke7 25. Rxf7+ Kxf7 26. Qxd6 Rbd8 27. Qxe5 Rd1+ 28. Kf2 Rd2+ 29. Kf3 Rgxg2 30. Qc7+ Kf8 31. e5 1-0

[Event "VI Sunway Sitges Open 2019"]
[Site "Sitges"]
[Date "2019.12.14"]
[Round "2.34"]
[White "Vega Gutierrez, Sabrina"]
[Black "Narayanan, Srinath"]
[Result "0-1"]
[ECO "A87"]
[WhiteElo "2360"]
[BlackElo "2529"]
[Annotator "ChessBase"]
[PlyCount "64"]
[EventDate "2019.12.13"]
[EventType "swiss"]
[EventCountry "ESP"]
[SourceTitle "playchess.com"]
[Source "ChessBase"]
[SourceQuality "1"]
[TimeControl "40/5400+30:1800+30"]

1. d4 f5 2. Nf3 Nf6 3. g3 g6 4. Bg2 Bg7 5. O-O O-O 6. b3 d6 7. Bb2 c6 8. c4 Qc7 9. Qc2 Re8 10. Nc3 e5 11. dxe5 dxe5 12. e4 Na6 13. Rad1 fxe4 14. Nxe4 Nxe4 15. Qxe4 Bf5 16. Qe2 Nb4 17. Nh4 e4 18. Bxg7 Qxg7 19. Kh1 Nd3 20. Nxf5 gxf5 21. f3 Rad8 22. fxe4 Qd4 23. Rxd3 Qxd3 24. Qh5 Kh8 25. exf5 Qe2 26. Qh4 Rd1 27. Qf6+ Kg8 28. Kg1 Qe3+ 29. Kh1 Rxf1+ 30. Bxf1 Rf8 31. Qh4 Qf3+ 32. Kg1 Qxf5 0-1

[Event "VI Sunway Sitges Open 2019"]
[Site "Sitges"]
[Date "2019.12.14"]
[Round "2.35"]
[White "Krysa, Leandro"]
[Black "Pablo Mari, Alejandro"]
[Result "1-0"]
[ECO "A37"]
[WhiteElo "2527"]
[BlackElo "2356"]
[Annotator "ChessBase"]
[PlyCount "61"]
[EventDate "2019.12.13"]
[EventType "swiss"]
[EventCountry "ESP"]
[SourceTitle "playchess.com"]
[Source "ChessBase"]
[SourceQuality "1"]
[TimeControl "40/5400+30:1800+30"]

1. Nf3 c5 2. c4 Nc6 3. g3 e5 4. Bg2 g6 5. O-O Bg7 6. Nc3 Nge7 7. a3 a5 8. Ne1 h5 9. h4 O-O 10. d3 d6 11. Nc2 Be6 12. Nd5 Bxd5 13. cxd5 Nd4 14. Nxd4 exd4 15. Bg5 Qc7 16. b4 axb4 17. axb4 b6 18. Qb3 Kh7 19. Rxa8 Rxa8 20. bxc5 bxc5 21. Rb1 Bh6 22. Be4 Bxg5 23. hxg5 Kg7 24. Kg2 Ra7 25. Qb2 Qa5 26. Qc1 Qa2 27. Rb8 Qxe2 28. Qf4 Nf5 29. Bxf5 gxf5 30. Qxd6 Qe7 31. Qh6# 1-0

[Event "VI Sunway Sitges Open 2019"]
[Site "Sitges"]
[Date "2019.12.14"]
[Round "2.36"]
[White "Pajeken, Jakob Leon"]
[Black "Sindarov, Javokhir"]
[Result "0-1"]
[ECO "D76"]
[WhiteElo "2350"]
[BlackElo "2526"]
[Annotator "ChessBase"]
[PlyCount "132"]
[EventDate "2019.12.13"]
[EventType "swiss"]
[EventCountry "ESP"]
[SourceTitle "playchess.com"]
[Source "ChessBase"]
[SourceQuality "1"]
[TimeControl "40/5400+30:1800+30"]

1. d4 Nf6 2. Nf3 g6 3. g3 Bg7 4. Bg2 O-O 5. O-O d5 6. c4 Nc6 7. cxd5 Nxd5 8. e4 Nb6 9. d5 Na5 10. Nc3 c6 11. Bf4 Nac4 12. Qe2 cxd5 13. Nxd5 Nxd5 14. exd5 Nb6 15. Rfd1 Nxd5 16. Be5 e6 17. Nd4 f6 18. Nxe6 Bxe6 19. Bc7 Nxc7 20. Rxd8 Raxd8 21. Rc1 Rf7 22. Rxc7 Rxc7 23. Qxe6+ Kh8 24. Bd5 f5 25. b3 Bd4 26. Bc4 Kg7 27. h4 h5 28. a4 Bf6 29. Qe3 Re7 30. Qc5 b6 31. Qc6 Bd4 32. Qf3 a5 33. Kg2 Bc5 34. Bd5 Kh7 35. Kh3 Bxf2 36. Qxf2 Rxd5 37. Qxb6 Rd3 38. Qb8 Rc3 39. b4 axb4 40. Qxb4 Ree3 41. Qb7+ Kg8 42. Qd5+ Kg7 43. Qd7+ Kh6 44. Qd6 Re8 45. a5 Rce3 46. a6 R3e7 47. Qc5 Rd7 48. Qc6 Red8 49. Kg2 Ra7 50. Kh3 Rda8 51. Qc5 Kh7 52. Qd6 Rxa6 53. Qd7+ Kg8 54. Qd5+ Kg7 55. Qd7+ Kf8 56. Qh7 Re8 57. Qh8+ Kf7 58. Qh7+ Kf6 59. Qd7 Rae6 60. Qd4+ Kf7 61. Kg2 Re4 62. Qd5+ Kg7 63. Kh3 R8e7 64. Qd6 f4 65. gxf4 Re2 66. Qd4+ Kh7 0-1

[Event "VI Sunway Sitges Open 2019"]
[Site "Sitges"]
[Date "2019.12.14"]
[Round "2.37"]
[White "Bjerre, Jonas Buhl"]
[Black "Borocz, Istvan"]
[Result "1-0"]
[ECO "C65"]
[WhiteElo "2526"]
[BlackElo "2346"]
[Annotator "ChessBase"]
[PlyCount "135"]
[EventDate "2019.12.13"]
[EventType "swiss"]
[EventCountry "ESP"]
[SourceTitle "playchess.com"]
[Source "ChessBase"]
[SourceQuality "1"]
[TimeControl "40/5400+30:1800+30"]

1. e4 e5 2. Nf3 Nc6 3. Bb5 Nf6 4. d3 Bc5 5. c3 O-O 6. O-O d6 7. Nbd2 Bd7 8. h3 a6 9. Ba4 b5 10. Bc2 Bb6 11. Re1 Ne7 12. Nf1 Ng6 13. d4 h6 14. Be3 Re8 15. Ng3 c5 16. dxc5 Bxc5 17. Qd2 Qb6 18. Rad1 Rad8 19. Bb3 Be6 20. Bxe6 fxe6 21. Qc2 Bxe3 22. Rxe3 Nf4 23. Ne1 Rf8 24. Nd3 Rf7 25. Nf1 Rdf8 26. Nxf4 exf4 27. Ree1 e5 28. Qb3 Ne8 29. a4 Kh7 30. axb5 axb5 31. Qb4 Rf6 32. Nd2 R8f7 33. Nc4 Qc6 34. Na5 Qd7 35. f3 Rg6 36. Kh2 Rff6 37. Re2 Rg3 38. c4 Rfg6 39. Qe1 bxc4 40. Nxc4 Qe7 41. Nd2 Nc7 42. Nf1 R3g5 43. Qb4 Rh5 44. Kh1 Na6 45. Qc4 Nc5 46. b4 Ne6 47. Nh2 Nd4 48. Ra2 Rhg5 49. Rb1 Rg3 50. b5 d5 51. Qc8 dxe4 52. Ra8 Re6 53. fxe4 f3 54. gxf3 Qh4 55. Qg8+ Kg6 56. Ra7 Qf6 57. Rf1 Rd6 58. Ng4 Rxg4 59. hxg4 Qh4+ 60. Kg2 Ne6 61. Qf7+ Kh7 62. Qf5+ Kh8 63. Ra8+ Nd8 64. Qf8+ Kh7 65. Qf5+ Kg8 66. Qxe5 Rd2+ 67. Kg1 Kh7 68. Qd5 1-0

[Event "VI Sunway Sitges Open 2019"]
[Site "Sitges"]
[Date "2019.12.14"]
[Round "2.38"]
[White "Alexiadis, Hristos"]
[Black "Harsha Bharathakoti"]
[Result "1/2-1/2"]
[ECO "B31"]
[WhiteElo "2346"]
[BlackElo "2523"]
[Annotator "ChessBase"]
[PlyCount "86"]
[EventDate "2019.12.13"]
[EventType "swiss"]
[EventCountry "ESP"]
[SourceTitle "playchess.com"]
[Source "ChessBase"]
[SourceQuality "1"]
[TimeControl "40/5400+30:1800+30"]

1. e4 c5 2. Nf3 Nc6 3. Bb5 g6 4. O-O Bg7 5. Re1 e5 6. Nc3 Nge7 7. d3 O-O 8. Bc4 h6 9. a4 d6 10. h3 Kh7 11. Nd5 f5 12. exf5 Bxf5 13. c3 Qd7 14. Nxe7 Nxe7 15. Bb5 Qc7 16. d4 cxd4 17. cxd4 e4 18. Nh2 a6 19. Be2 Qb6 20. Be3 Nd5 21. Qd2 Rac8 22. Nf1 Qb4 23. Rec1 Rxc1 24. Rxc1 Qxa4 25. Bc4 Ne7 26. g4 Bc8 27. Ng3 d5 28. Be2 Qd7 29. b4 Qd6 30. b5 axb5 31. Bxb5 Bd7 32. Bxd7 Qxd7 33. Qb4 Nc6 34. Qb6 Ra8 35. Rb1 Nd8 36. Rc1 Nc6 37. Rb1 Nd8 38. Rc1 Ne6 39. Rb1 Kg8 40. Ne2 Rb8 41. Nf4 Nxf4 42. Bxf4 Rf8 43. Be3 g5 1/2-1/2

[Event "VI Sunway Sitges Open 2019"]
[Site "Sitges"]
[Date "2019.12.14"]
[Round "2.39"]
[White "Narciso Dublan, Marc"]
[Black "Ortega Serra, Marc"]
[Result "1/2-1/2"]
[ECO "C00"]
[WhiteElo "2516"]
[BlackElo "2345"]
[Annotator "ChessBase"]
[PlyCount "67"]
[EventDate "2019.12.13"]
[EventType "swiss"]
[EventCountry "ESP"]
[SourceTitle "playchess.com"]
[Source "ChessBase"]
[SourceQuality "1"]
[TimeControl "40/5400+30:1800+30"]

1. e4 e6 2. f4 d5 3. e5 c5 4. Nf3 Nc6 5. c3 Nh6 6. Na3 Nf5 7. Nc2 h5 8. Bd3 g6 9. Bxf5 gxf5 10. d4 b6 11. O-O Ba6 12. Re1 Be7 13. Be3 Qd7 14. Qd2 Rc8 15. Bf2 h4 16. h3 Nb8 17. Red1 Qb5 18. a4 Qe2 19. a5 Rg8 20. Kh1 Qxd2 21. Rxd2 Rh8 22. axb6 axb6 23. dxc5 bxc5 24. b4 d4 25. cxd4 cxb4 26. d5 b3 27. Ncd4 Bb4 28. Rdd1 b2 29. Rab1 Ba3 30. Ne1 Rc1 31. Ndc2 Be2 32. Nxa3 Bxd1 33. Rxb2 Nd7 34. Nb5 {[%emt 0:06:32] O-O dxe6 fxe6 Kh2 Rb8} 1/2-1/2

[Event "VI Sunway Sitges Open 2019"]
[Site "Sitges"]
[Date "2019.12.14"]
[Round "2.40"]
[White "Kucuksari, Kaan"]
[Black "Aroshidze, Levan"]
[Result "0-1"]
[ECO "A62"]
[WhiteElo "2337"]
[BlackElo "2514"]
[Annotator "ChessBase"]
[PlyCount "90"]
[EventDate "2019.12.13"]
[EventType "swiss"]
[EventCountry "ESP"]
[SourceTitle "playchess.com"]
[Source "ChessBase"]
[SourceQuality "1"]
[TimeControl "40/5400+30:1800+30"]

1. d4 Nf6 2. c4 e6 3. Nf3 c5 4. d5 exd5 5. cxd5 d6 6. Nc3 g6 7. g3 Bg7 8. Bg2 O-O 9. O-O Re8 10. Bf4 Na6 11. Re1 Bg4 12. e4 Nd7 13. Qb3 Bxf3 14. Bxf3 Ne5 15. Be2 c4 16. Qb5 Nc5 17. Bxe5 Bxe5 18. Bxc4 Qf6 19. Bf1 Bd4 20. Qe2 Bxc3 21. bxc3 Rxe4 22. Qd2 Rae8 23. Bg2 R4e5 24. h4 Kg7 25. Rxe5 Qxe5 26. Bf3 Na4 27. Rb1 b6 28. Rb4 Qe1+ 29. Qxe1 Rxe1+ 30. Kg2 Nc5 31. g4 Rc1 32. g5 Rxc3 33. Rf4 Nd3 34. Re4 Rc2 35. Re7 Rxf2+ 36. Kg3 Rxa2 37. Be2 Kf8 38. Re3 Ne5 39. h5 Rd2 40. h6 Rxd5 41. Ra3 Ra5 42. Rc3 Rc5 43. Ra3 Nc6 44. Bf3 Rxg5+ 45. Kh4 Rc5 0-1

[Event "VI Sunway Sitges Open 2019"]
[Site "Sitges"]
[Date "2019.12.14"]
[Round "2.41"]
[White "Kelires, Andreas"]
[Black "Sidhant, Mohapatra"]
[Result "1-0"]
[ECO "D10"]
[WhiteElo "2510"]
[BlackElo "2338"]
[Annotator "ChessBase"]
[PlyCount "79"]
[EventDate "2019.12.13"]
[EventType "swiss"]
[EventCountry "ESP"]
[SourceTitle "playchess.com"]
[Source "ChessBase"]
[SourceQuality "1"]
[TimeControl "40/5400+30:1800+30"]

1. d4 d5 2. c4 c6 3. cxd5 cxd5 4. Bf4 Nc6 5. e3 Nf6 6. Nc3 Bf5 7. Qb3 Na5 8. Qa4+ Bd7 9. Qc2 Rc8 10. Bd3 e6 11. Nf3 Nc6 12. a3 Be7 13. h3 h6 14. O-O O-O 15. Qe2 Be8 16. Rfe1 Nh5 17. Bh2 f5 18. Na4 Qa5 19. Qd1 Nd8 20. Nc3 Qb6 21. Rc1 Bd6 22. Bxd6 Qxd6 23. Ne5 Nc6 24. Bb5 Nf6 25. Bxc6 Bxc6 26. Ne2 Nd7 27. Nxd7 Qxd7 28. Nf4 Bb5 29. Ng6 Rfd8 30. Qd2 Qd6 31. Ne5 Ba6 32. Rc3 Rf8 33. Rec1 Rxc3 34. Rxc3 f4 35. exf4 Qd8 36. Qc1 Bb5 37. Ng6 Re8 38. Ne5 Rf8 39. Rg3 Qf6 40. Qc7 1-0

[Event "VI Sunway Sitges Open 2019"]
[Site "Sitges"]
[Date "2019.12.14"]
[Round "2.43"]
[White "Girish, A. Koushik"]
[Black "Rafiee, Makan"]
[Result "0-1"]
[ECO "D36"]
[WhiteElo "2506"]
[BlackElo "2335"]
[Annotator "ChessBase"]
[PlyCount "145"]
[EventDate "2019.12.13"]
[EventType "swiss"]
[EventCountry "ESP"]
[SourceTitle "playchess.com"]
[Source "ChessBase"]
[SourceQuality "1"]
[TimeControl "40/5400+30:1800+30"]

1. d4 d5 2. c4 e6 3. Nc3 Nf6 4. cxd5 exd5 5. Bg5 c6 6. e3 Be7 7. Bd3 Nbd7 8. Qc2 h6 9. Bh4 Nh5 10. Bxe7 Qxe7 11. O-O-O Nb6 12. h3 Bd7 13. Nf3 O-O-O 14. Ne5 Nf6 15. Kb1 Kb8 16. Rc1 Ne8 17. Na4 Nxa4 18. Qxa4 Nd6 19. Rc3 Be8 20. Ra3 Nc8 21. Qa5 f6 22. Nf3 Qc7 23. Qb4 Qe7 24. Qd2 Nd6 25. Rc1 Ne4 26. Qa5 b6 27. Qe1 Rc8 28. Ng1 Bd7 29. Ne2 Bf5 30. Ka1 Nd6 31. Ba6 Rc7 32. Rac3 Bc8 33. Bd3 Bb7 34. Nf4 Rhc8 35. g4 c5 36. dxc5 bxc5 37. Qd1 g5 38. Ne2 Ne4 39. Bxe4 Qxe4 40. Ng3 Qg2 41. Nf5 Qh2 42. a3 a6 43. R1c2 Qe5 44. Nxh6 Rh7 45. Nf5 c4 46. e4 dxe4 47. Qd6+ Qxd6 48. Nxd6 Rd8 49. Nxb7 Kxb7 50. Rxc4 Re7 51. Rb4+ Ka7 52. Rc6 Rb7 53. Ra4 Rd1+ 54. Ka2 Rd2 55. Raxa6+ Kb8 56. Rab6 Rxf2 57. Rxf6 Rxb6 58. Rxb6+ Kc7 59. Re6 Rf4 60. a4 Kd7 61. Re5 Kd6 62. Re8 Kd7 63. Rb8 e3 64. Rb3 Rxa4+ 65. Kb1 Re4 66. Rd3+ Ke6 67. Rd1 e2 68. Re1 Ke5 69. Kc2 Kf4 70. Kd3 Kf3 71. b4 Re8 72. b5 Kf2 73. Kd4 0-1

[Event "VI Sunway Sitges Open 2019"]
[Site "Sitges"]
[Date "2019.12.14"]
[Round "2.44"]
[White "Davtyan, David Arm."]
[Black "Krzyzanowski, Marcin"]
[Result "0-1"]
[ECO "B15"]
[WhiteElo "2327"]
[BlackElo "2506"]
[Annotator "ChessBase"]
[PlyCount "58"]
[EventDate "2019.12.13"]
[EventType "swiss"]
[EventCountry "ESP"]
[SourceTitle "playchess.com"]
[Source "ChessBase"]
[SourceQuality "1"]
[TimeControl "40/5400+30:1800+30"]

1. e4 g6 2. Nc3 Bg7 3. f4 c6 4. d4 d5 5. e5 Nh6 6. Nf3 Bg4 7. h3 Bxf3 8. Qxf3 Nf5 9. Ne2 c5 10. c3 cxd4 11. g4 Ne3 12. Bxe3 dxe3 13. Bg2 e6 14. f5 Qh4+ 15. Kd1 Nc6 16. fxe6 fxe6 17. Rf1 Rf8 18. Qxe3 Rxf1+ 19. Bxf1 Bh6 20. Qd3 Qf2 21. Kc2 O-O-O 22. Rd1 Nxe5 23. Qd4 Qh2 24. Qxa7 Nc4 25. Kb3 Be3 26. Qa4 Qf2 27. Qb5 Kc7 28. Rd3 Rd6 29. Rxe3 Qxe3 0-1

[Event "VI Sunway Sitges Open 2019"]
[Site "Sitges"]
[Date "2019.12.14"]
[Round "2.45"]
[White "Saduakassova, Dinara"]
[Black "Solozhenkina, Elizaveta"]
[Result "1-0"]
[ECO "C03"]
[WhiteElo "2505"]
[BlackElo "2329"]
[Annotator "ChessBase"]
[PlyCount "139"]
[EventDate "2019.12.13"]
[EventType "swiss"]
[EventCountry "ESP"]
[SourceTitle "playchess.com"]
[Source "ChessBase"]
[SourceQuality "1"]
[TimeControl "40/5400+30:1800+30"]

1. e4 e6 2. d4 d5 3. Nd2 Be7 4. Ngf3 Nf6 5. Bd3 c5 6. dxc5 dxe4 7. Nxe4 Nxe4 8. Bxe4 Qxd1+ 9. Kxd1 Bxc5 10. Ke2 Nd7 11. Bd3 Ke7 12. Rd1 Bd6 13. Be3 Nc5 14. Bc4 b6 15. Ng5 Be5 16. c3 h6 17. Bxc5+ bxc5 18. Ne4 Bb7 19. Nxc5 Bxg2 20. Rd7+ Kf6 21. f3 g5 22. Nd3 Rhd8 23. Rxd8 Rxd8 24. Nf2 Bf4 25. Bd3 g4 26. Nxg4+ Ke7 27. Rg1 Bh3 28. Nf2 Bf5 29. h3 h5 30. Rd1 Rg8 31. Bxf5 exf5 32. Rd4 Bh2 33. Nd3 Rg2+ 34. Kf1 Rg1+ 35. Kf2 Rg8 36. Rb4 Bg1+ 37. Kf1 Bb6 38. Nf4 Kd6 39. Nxh5 Rg1+ 40. Ke2 Rg2+ 41. Kd3 Rf2 42. f4 Ke6 43. Rb5 f6 44. Ng7+ Kf7 45. Nxf5 Rxf4 46. Nd6+ Ke6 47. Nc4 Bg1 48. Rh5 Rf3+ 49. Ke4 Rf2 50. Rh6 Bh2 51. a4 Bg1 52. Rg6 Bh2 53. Rg7 f5+ 54. Kd3 f4 55. Rxa7 f3 56. Ra6+ Ke7 57. Ke4 Rxb2 58. Kxf3 Rc2 59. Ne3 Rxc3 60. Ke4 Kd7 61. h4 Bg1 62. Nf5 Rc4+ 63. Ke5 Kc7 64. h5 Bc5 65. Kd5 Rf4 66. Rc6+ Kb7 67. Rxc5 Rxf5+ 68. Kd6 Rf4 69. a5 Re4 70. Re5 1-0

[Event "VI Sunway Sitges Open 2019"]
[Site "Sitges"]
[Date "2019.12.14"]
[Round "2.46"]
[White "Samant Aditya S"]
[Black "Sadzikowski, Daniel"]
[Result "1/2-1/2"]
[ECO "B19"]
[WhiteElo "2309"]
[BlackElo "2504"]
[Annotator "ChessBase"]
[PlyCount "60"]
[EventDate "2019.12.13"]
[EventType "swiss"]
[EventCountry "ESP"]
[SourceTitle "playchess.com"]
[Source "ChessBase"]
[SourceQuality "1"]
[TimeControl "40/5400+30:1800+30"]

1. e4 c6 2. d4 d5 3. Nc3 dxe4 4. Nxe4 Bf5 5. Ng3 Bg6 6. h4 h6 7. Nf3 Nd7 8. h5 Bh7 9. Bd3 Bxd3 10. Qxd3 e6 11. Bd2 Ngf6 12. O-O-O Be7 13. Kb1 Qb6 14. Rhe1 O-O 15. Nf5 Bb4 16. Bxb4 Qxb4 17. c3 Qb6 18. Ne7+ Kh8 19. Rxe6 fxe6 20. Nh4 g5 21. Nhg6+ Kg7 22. Ne5 Nxe5 23. dxe5 Nh7 24. Qg6+ Kh8 25. Qxh6 Rad8 26. Ng6+ Kg8 27. Ne7+ Kh8 28. Ng6+ Kg8 29. Ne7+ Kh8 30. Ng6+ Kg8 1/2-1/2